 Dungeon Crawl Stone Soup version 0.19.1 (webtiles) character file.

36 Mefis the Magician (level 3, 0/20 HPs)
             Began as a Deep Elf Wizard on Dec 22, 2016.
             Succumbed to an adder's poison
             ... on level 2 of the Dungeon.
             The game lasted 00:06:46 (1189 turns).

Mefis the Magician (Deep Elf Wizard)                Turns: 1189, Time: 00:06:47

Health: 0/20       AC:  2    Str:  5    XL:     3   Next: 19%
Magic:  1/11       EV: 13    Int: 22    God:
Gold:   25         SH:  0    Dex: 13    Spells: 4 memorised, 5 levels left

rFire  . . .     SeeInvis .     k - +0 short sword
rCold  . . .     Gourm    .     a - +0 robe
rNeg   . . .     Faith    .     (no shield)
rPois  .         Spirit   .     b - +0 hat
rElec  .         Reflect  .     (no cloak)
rCorr  .         Harm     .     (no gloves)
MR     .....                    (no boots)
Stlth  ++........               (no amulet)
                                (no ring)
                                (no ring)

@: lethally poisoned (0 -> -5), repel missiles
A: no striking features
a: no special abilities


You were on level 2 of the Dungeon.
You were not hungry.

You visited 1 branch of the dungeon, and saw 2 of its levels.

You collected 25 gold pieces.

Inventory:

Hand Weapons
 k - a +0 short sword (weapon)
Missiles
 h - 26 sling bullets
 m - 8 javelins (quivered)
 n - 4 needles of confusion
Armour
 a - a +0 robe (worn)
 b - a +0 hat (worn)
Scrolls
 e - a scroll of amnesia {unknown}
 f - a scroll of enchant armour {unknown}
 i - a scroll of remove curse {unknown}
Potions
 g - a potion of invisibility {unknown}
 j - a potion of cure mutation {unknown}
 o - a potion of heal wounds {unknown}
Books
 c - a book of Minor Magic

   Spells                             Type                      Level
   a - Magic Dart                     Conjuration                  1
   b - Blink                          Translocation                2
   c - Call Imp                       Summoning                    2
   d - Repel Missiles                 Charms/Air                   2
   e - Slow                           Hexes                        2
   f - Conjure Flame                  Conjuration/Fire             3
   g - Mephitic Cloud                 Conjuration/Poison/Air       3
Comestibles
 d - a bread ration
 l - a meat ration


   Skills:
 + Level 0.4 Fighting
 + Level 3.0 Dodging
 + Level 2.9 Stealth
 * Level 5.0 Spellcasting
 + Level 1.5 Conjurations
 - Level 1.1 Summonings
 - Level 1.1 Translocations


You had 5 spell levels left.
You knew the following spells:

 Your Spells              Type           Power        Failure   Level  Hunger
a - Magic Dart            Conj           ##..         8%          1    None
b - Call Imp              Summ           ##......     12%         2    None
c - Blink                 Tloc           N/A          12%         2    None
d - Repel Missiles        Chrm/Air       #.....       17%         2    None


Dungeon Overview and Level Annotations

Branches:
Dungeon (2/15)

Altars:


Message History

You don't have enough magic to cast that spell.
Casting: Magic Dart
Confirm with . or Enter, or press ? or * to list all spells.
You don't have enough magic to cast that spell.
Casting: Magic Dart
Confirm with . or Enter, or press ? or * to list all spells.
You don't have enough magic to cast that spell.
* * * LOW HITPOINT WARNING * * *
You feel sick. The bat closely misses you. The bat hits you but does no damage.
* * * LOW HITPOINT WARNING * * *
You feel sick. The bat hits you but does no damage. The bat barely misses you.
The bat closely misses you. The bat hits you but does no damage.
The bat misses you.
* * * LOW HITPOINT WARNING * * *
You feel sick. The bat closely misses you. The bat hits you but does no damage.
The bat closely misses you.
You die...

#. ####..#....# #.##....###.#.#
... .# .........##.#.#### ...
##.####.................#.... #
#......................>#... .#
#..........>............... ..
#.......................## .#
.................b......####.###.
.........<....##@..........†.....
...........####.................#
...........###..#...........#####
...............##..........##
......(....###.............#
......#..###...............#
#######........###.........#
##...........## #.........#
#.............. ..........#


You could see a bat.

Vanquished Creatures
  An adder (D:2)
  2 leopard geckos
  5 bats
  A giant cockroach (D:1)
  3 goblins (D:1)
  A hobgoblin (D:1)
  4 kobolds
  A ball python (D:1)
  2 frilled lizards
  4 rats
24 creatures vanquished.

Notes
Turn   | Place    | Note
-------+----------+-------------------------------------------
     0 | D:1      | Mefis the Deep Elf Wizard began the quest for the Orb.
     0 | D:1      | Reached XP level 1. HP: 10/10 MP: 7/7
   398 | D:1      | Reached XP level 2. HP: 15/15 MP: 6/9
   402 | D:1      | Learned a level 2 spell: Call Imp
   405 | D:1      | Learned a level 2 spell: Blink
   408 | D:1      | Learned a level 2 spell: Repel Missiles
  1179 | D:2      | Reached skill level 5 in Spellcasting
  1179 | D:2      | Reached XP level 3. HP: 5/20 MP: 0/11
  1182 | D:2      | HP: 1/20 [poisoned by an adder]
  1189 | D:2      | Succumbed to an adder's poison

Skill      XL: |  1  2 |
---------------+-------+-----
Dodging        | 3 |  3.0
Spellcasting   | 5 |  5.0
Fighting       | |  0.4
Stealth        | |  2.9
Conjurations   | |  1.5
Summonings     | |  1.1
Translocations | |  1.1

Action                   || total
-------------------------++-------
Melee: Short sword       ||     6
 Cast: Magic Dart        ||    59
       Repel Missiles    ||     1
 Stab: Sleeping          ||     2
  Eat: Chunk             ||     1
Armor: Robe              ||     6
Dodge: Dodged            ||    18
